 Dungeon Crawl Stone Soup version 0.16-a0-1767-gaf01991 (webtiles) character file.

2373 Psiweapon the Cleaver (level 9, -3/82 HPs)
             Began as a Hill Orc Fighter on Oct 31, 2014.
             Was a Believer of Zin.
             Slain by Duvessa
             ... wielding a +0 rapier
              (17 damage)
             ... on level 8 of the Dungeon on Nov 1, 2014.
             The game lasted 00:24:41 (8392 turns).

Psiweapon the Cleaver (Hill Orc Fighter)            Turns: 8392, Time: 00:24:41

Health: -3/82      AC:  9    Str: 22    XL:     9   Next: 45%
Magic:  20/20      EV:  7    Int: 18    God:    Zin [**....]
Gold:   166        SH: 10    Dex: 14    Spells: 1 memorised, 3 levels left

rFire  . . .     SeeInvis .     a - +0 war axe
rCold  . . .     Clarity  .     b - +0 scale mail
rNeg   . . .     SustAb   .     c - +0 shield
rPois  +         Gourm    .     (no helmet)
rElec  .         Spirit   .     n - +0 cloak
rCorr  .         Warding  .     p - +0 pair of gloves
rMut   +         Stasis   .     (no boots)
MR     +....                    s - amulet of resist mutation
Stlth  ..........               x - ring of protection from magic
                                i - +5 ring of intelligence

@: vitalised, somewhat resistant to hostile enchantments, extremely unstealthy
A: no striking features
a: Recite, Vitalisation, Renounce Religion


You were on level 8 of the Dungeon.
You worshipped Zin.
Zin was pleased with you.
You were very hungry.

You visited 2 branches of the dungeon, and saw 9 of its levels.

You collected 300 gold pieces.
You donated 134 gold pieces to Zin.

Inventory:

Hand weapons
 a - a +0 war axe (weapon)
 m - a +4 quarterstaff of chaos
 v - a +2 short sword of venom
 K - a +1 flail of holy wrath
 P - a cursed +3 battleaxe
 R - a +3 morningstar
 T - a +1 whip of freezing
Missiles
 j - 29 bolts
 t - 15 tomahawks (quivered)
 w - 18 poisoned needles
Armour
 b - a +0 scale mail (worn)
 c - a +0 shield (worn)
 n - a +0 cloak (worn)
 p - a +0 pair of gloves (worn)
Jewellery
 i - a +5 ring of intelligence (left hand)
 l - an uncursed ring of teleportation
 s - an amulet of resist mutation (around neck)
 x - a ring of protection from magic (right hand)
 V - an uncursed ring of ice
Magical devices
 S - a wand of polymorph (15)
 U - a wand of magic darts (20)
Scrolls
 f - 2 scrolls of magic mapping {unknown}
 g - 3 scrolls of enchant armour
 k - 4 scrolls of noise
 q - 2 scrolls of fog {unknown}
 y - a scroll of amnesia {unknown}
 A - a scroll of enchant weapon {unknown}
 E - 4 scrolls of teleportation {unknown}
 I - a scroll of blinking {unknown}
 M - a scroll of remove curse
Potions
 e - a potion of might
 h - 2 potions of heal wounds
 o - a potion of invisibility
 u - 2 potions of haste
 z - a potion of restore abilities {unknown}
 B - 3 potions of brilliance
 C - a potion of confusion {unknown}
 F - a potion of resistance {unknown}
 G - a potion of cancellation {unknown}
 J - a potion of berserk rage {unknown}
 O - 2 potions of flight
 Q - 3 potions of curing
Books
 L - a book of Wizardry

   Spells                             Type                      Level
   Agony                              Necromancy                   5
   *Force Lance                       Conjuration                  5
   Dispersal                          Translocation                6
   Haste                              Charms                       6
   Invisibility                       Hexes                        6
   Spellforged Servitor               Conjuration/Summoning        7
Comestibles
 d - 4 meat rations
 r - a royal jelly
 D - 7 fruits
 H - a beef jerky
 N - 2 bread rations


   Skills:
 - Level 8.5 Fighting
 + Level 8.7 Axes
 - Level 5.2 Armour
 - Level 5.8 Shields
 + Level 8.0 Invocations


You had 3 spell levels left.
You knew the following spells:

 Your Spells              Type           Power        Failure   Level  Hunger
a - Force Lance           Conj           #.......     100%        5    ######.


Dungeon Overview and Level Annotations

Branches:
Dungeon (8/15)             Temple (1/1) D:4
   Lair: D:8-11

Altars:
Cheibriados
Dithmenos
Elyvilon
Gozag
Kikubaaqudgha
Okawaru
Sif Muna
Trog
Vehumet
Xom
Zin

Shops:
D:4 =

Annotations:
D:8 Duvessa


Message History

You miss something. Something hits you. Something hits you.
You slash something! Something hits you but does no damage.
You closely miss something. Something hits you.
Something completely misses you.
You closely miss something. Something hits you!
You closely miss something. Something hits you. Something hits you!
You hit something. Something hits you but does no damage.
You hit something. You block its attack. Something completely misses you.
You hit something. Something hits you but does no damage. Something hits you!
You slash something! You block its attack.
You closely miss something. Something hits you.
Something hits you but does no damage.
You hit something but do no damage. Something completely misses you.
You miss something. Something hits you.
* * * LOW HITPOINT WARNING * * *
Something hits you but does no damage.
You closely miss something. Something hits you!
* * * LOW HITPOINT WARNING * * *
Something hits you!
You die...

#....#####
##.....#.#
#..###.##
##.## ###
##.##
##..#
#..##
##..# ##@#
#{#
#.)....#
#.#....#
####..##
..# #.. #


There were no monsters in sight!

Vanquished Creatures
  Pikel (D:8)
  2 sky beasts
  2 slaves (D:8)
  3 ogres (D:5)
  5 centaurs
  3 scorpions
  A hippogriff skeleton (D:8)
  3 wights (D:8)
  2 crimson imps
  2 jellies
  Dowan (D:8)
  A goliath beetle (D:7)
  2 hounds
  Crazy Yiuf (D:2)
  2 orc priests
  5 orc wizards
  2 worker ants
  2 iguanas
  3 adders
  A shadow imp (D:8)
  3 giant mites
  7 giant geckos
  3 oozes
  25 orcs
  7 bats
  A bat skeleton (D:7)
  A bat zombie (D:4)
  10 hobgoblins
  6 jackals
  3 quokkas
  A ball python (D:6)
  6 giant cockroaches
  11 giant newts
  11 goblins
  A hobgoblin skeleton (D:4)
  19 kobolds
  A kobold skeleton (D:4)
  7 rats
  A rat skeleton (D:4)
  3 rat zombies (D:4)
  11 ballistomycetes
  A fungus (D:2)
183 creatures vanquished.

Vanquished Creatures (others)
  A giant frog (D:7)
  A hound (D:8)
  A goblin (D:3)
  A giant spore (D:7)
4 creatures vanquished.

Grand Total: 187 creatures vanquished

Notes
Turn   | Place    | Note
--------------------------------------------------------------
     0 | D:1      | Psiweapon, the Hill Orc Fighter, began the quest for the Orb.
     0 | D:1      | Reached XP level 1. HP: 19/19 MP: 1/1
   136 | D:1      | Reached XP level 2. HP: 24/27 MP: 2/2
   573 | D:1      | Reached skill level 4 in Axes
   727 | D:1      | Reached XP level 3. HP: 33/33 MP: 3/3
  1134 | D:2      | Noticed Crazy Yiuf
  1139 | D:2      | Killed Crazy Yiuf
  1139 | D:2      | Reached skill level 5 in Axes
  1139 | D:2      | Reached XP level 4. HP: 29/40 MP: 4/4
  1948 | D:3      | Reached skill level 6 in Axes
  1974 | D:3      | Found a white marble altar of Elyvilon.
  2004 | D:3      | Reached XP level 5. HP: 39/46 MP: 5/5
  2391 | D:3      | Found a bloodstained altar of Trog.
  2969 | D:4      | Reached XP level 6. HP: 50/52 MP: 6/6
  2976 | D:4      | Reached skill level 5 in Armour
  3012 | D:4      | Found a staircase to the Ecumenical Temple.
  3030 | Temple   | Entered the Ecumenical Temple
  3035 | Temple   | Became a worshipper of Zin the Law-Giver
  3035 | Temple   | Acquired Zin's first power
  3042 | Temple   | Donated 69 gold pieces to Zin
  3043 | Temple   | Donated 35 gold pieces to Zin
  3243 | D:4      | Reached skill level 1 in Invocations
  3251 | D:4      | Found an ancient bone altar of Kikubaaqudgha.
  3499 | D:4      | Found Rypoesuj's Jewellery Shoppe.
  3654 | D:5      | Entered Level 5 of the Dungeon
  4072 | D:5      | Reached skill level 5 in Invocations
  4072 | D:5      | Reached XP level 7. HP: 50/58 MP: 11/13
  4579 | D:5      | Found a shimmering altar of Xom.
  4596 | D:5      | Reached skill level 5 in Fighting
  4842 | D:5      | Acquired Zin's second power
  4850 | D:5      | Found a deep blue altar of Sif Muna.
  5311 | D:5      | Reached skill level 7 in Fighting
  5311 | D:5      | Reached XP level 8. HP: 13/73 MP: 15/15
  5632 | D:6      | Reached skill level 8 in Fighting
  5822 | D:6      | Found a bloodstained altar of Trog.
  6211 | D:6      | Learned a level 5 spell: Force Lance
  6757 | D:7      | Found a radiant altar of Vehumet.
  6817 | D:7      | Reached skill level 5 in Shields
  7581 | D:8      | Reached XP level 9. HP: 15/82 MP: 15/18
  7918 | D:8      | Noticed Pikel
  7967 | D:8      | Killed Pikel
  8368 | D:8      | Noticed Duvessa
  8369 | D:8      | Noticed Dowan
  8378 | D:8      | Killed Dowan
  8392 | D:8      | Slain by Duvessa

Action                   |  1- 3 |  4- 6 |  7- 9 || total
-------------------------+-------+-------+-------++-------
Melee: War axe           |    84 |   218 |   319 ||   621
       Short sword       |       |       |     5 ||     5
Throw: Tomahawk          |       |     3 |     8 ||    11
Invok: Recite            |       |     2 |    10 ||    12
       Vitalisation      |       |       |     6 ||     6
  Use: Scroll            |     2 |       |     7 ||     9
  Eat: Chunk             |     1 |     7 |     6 ||    14
       Pizza             |       |     1 |       ||     1
       Bread ration      |       |       |     1 ||     1
       Fruit             |       |       |     2 ||     2
